 Dungeon Crawl Stone Soup version 0.29.1-1-gd02db6906a (webtiles) character file.

Game seed: 12218071552980588173

460 RogueRain17 the Chopper (level 6, -1/44 HPs)
             Began as a Demonspawn Gladiator on Sept 20, 2022.
             Slain by a gnoll bouda
             ... wielding a +0 club
              (3 damage)
             ... on level 5 of the Dungeon.
             The game lasted 00:13:24 (5978 turns).

RogueRain17 the Chopper (Demonspawn Gladiator)      Turns: 5978, Time: 00:13:26

Health: -1/44      AC:  5    Str: 16    XL:     6   Next: 78%
Magic:  6/6        EV: 13    Int: 10    God:
Gold:   195        SH:  0    Dex: 14    Spells: 5/5 levels left

rFire   . . .      SeeInvis .   f - +2 hand axe (vamp)
rCold   . . .      Faith    .   (no shield)
rNeg    . . .      Spirit   .   b - +0 leather armour
rPois   .          Reflect  .   c - +0 helmet
rElec   .          Harm     .   u - +0 cloak
rCorr   .          Rampage  .   (no gloves)
Will    .....                   (no boots)
Stlth   +.........              (no amulet)
HPRegen 0.14/turn               (no ring)
MPRegen 0.10/turn               (no ring)

@: no status effects
A: demonic magic 1, demonic touch 1
a: no special abilities


You were on level 5 of the Dungeon.
You visited 2 branches of the dungeon, and saw 6 of its levels.

You collected 195 gold pieces.

Inventory:

Hand Weapons
 a - a +0 war axe
 f - a +2 vampiric hand axe (weapon)
Missiles
 d - 3 throwing nets (quivered)
 e - a javelin
Armour
 b - a +0 leather armour (worn)
 c - a +0 helmet (worn)
 u - a +0 cloak (worn)
Jewellery
 l - a ring of wizardry
 w - a ring of resist corrosion
 y - a ring of see invisible
Wands
 z - a wand of polymorph (13)
 A - a wand of quicksilver (14)
Scrolls
 g - 2 scrolls of vulnerability {unknown}
 h - 3 scrolls of teleportation {unknown}
 i - 2 scrolls of silence {unknown}
 j - 2 scrolls of fear {unknown}
 n - a scroll of noise {unknown}
 p - 2 scrolls of amnesia {unknown}
 q - 7 scrolls of identify {unknown}
 t - a scroll of acquirement {unknown}
 v - 2 scrolls of enchant weapon {unknown}
 x - a scroll of poison {unknown}
Potions
 k - a potion of flight {unknown}
 m - a potion of heal wounds {unknown}
 o - a potion of brilliance {unknown}
 r - a potion of berserk rage {unknown}
 s - a potion of might {unknown}


   Skills:
 - Level 2.0 Fighting
 * Level 6.0 Axes
 - Level 1.7 Throwing
 + Level 4.5 Dodging


You had 5 spell levels left.
You didn't know any spells.
Your spell library contained the following spells:

 Spells                   Type           Power      Damage    Failure   Level
 Shock                    Conj/Air       0%         1d3       43%         1
 Ensorcelled Hibernation  Hex/Ice        0%         N/A       56%         2
 Dazzling Flash           Conj/Hex       0%         N/A       80%         3
 Gell's Gravitas          Tloc           0%         N/A       80%         3
 Spider Form              Tmut/Pois      0%         N/A       80%         3
 Summon Guardian Golem    Hex/Summ       0%         N/A       80%         3
 Swiftness                Air            0%         N/A       80%         3
 Teleport Other           Tloc           0%         N/A       80%         3
 Airstrike                Air            0%         2d(0-16)  99%         4
 Anguish                  Hex/Necr       0%         N/A       99%         4
 Agony                    Necr           0%         N/A       100%        5
 Fireball                 Conj/Fire      0%         3d3       100%        5
 Silence                  Hex/Air        0%         N/A       100%        5
 Dispersal                Tloc           0%         N/A       100%        6


Dungeon Overview and Level Annotations

Branches:
Dungeon (5/15)             Temple (1/1) D:5

Altars:
Cheibriados
Dithmenos
Nemelex Xobeh
Qazlal
Ru
Sif Muna
Uskayaw
Wu Jian
Xom
Yredelemnul

Shops:
D:2 *   D:3 =

Annotations:
D:2 Sigmund
D:5 1 runed translucent door


Innate Abilities, Weirdness & Mutations

Spells you cast may paralyse adjacent enemies.
Your touch may inflict minor irresistible damage on your foes.


Message History

You closely miss the gnoll bouda. Your touch misses the gnoll bouda.
The gnoll bouda is heavily wounded.
You hit the gnoll.
You feel better.
You hit the gnoll. The gnoll hits you with a +0 spear.
* * * LOW HITPOINT WARNING * * *
The gnoll hits you with a +0 whip.
* * * LOW HITPOINT WARNING * * *
The gnoll bouda barely misses you.
You slash the gnoll bouda! Your touch misses the gnoll bouda.
The gnoll bouda is almost dead.
You hit the gnoll.
You feel better.
You kill the gnoll!
You closely miss the gnoll. The gnoll closely misses you.
The gnoll bouda hits you with a +0 club.
* * * LOW HITPOINT WARNING * * *
You hit the gnoll but do no damage. Your touch misses the gnoll.
The gnoll is severely wounded.
You hit the gnoll bouda. The gnoll closely misses you.
The gnoll bouda misses you.
You barely miss the gnoll.
The gnoll is severely wounded.
You hit the gnoll bouda but do no damage.
The gnoll splashes around in the water.
The gnoll bouda barely misses you.
You closely miss the gnoll. Your touch misses the gnoll.
The gnoll is severely wounded.
You hit the gnoll bouda.
You feel better. The gnoll barely misses you.
The gnoll bouda prays to its god.
The gnoll bouda is healed somewhat.
You barely miss the gnoll bouda. Your touch misses the gnoll bouda.
The gnoll bouda is severely wounded.
You hit the gnoll.
The gnoll splashes around in the water.
The gnoll bouda hits you with a +0 club.
* * * LOW HITPOINT WARNING * * *
You hit the gnoll bouda.
The gnoll bouda is almost dead.
You hit the gnoll.
You kill the gnoll!
You hear a splash.
The gnoll bouda hits you with a +0 club.
You die...

#.###.# ...##.######
....#......#######
..................
#.###.#.###.....### #.#
#...#~~~~~~~~~# # #.#
###)#~#.....#~#.##
#.####...~.......~...#.#
.........~.....)@).....#
....##...~...>..g)..##.#
# ... ##..~.......~..#
##. .. #..~.......~..#
#<. .
..'.#~#.....#~#.... +..
...#.#~~~~~~~~~#..## #..
...##.###.....### ## ##.
..# #. ........ # .#
###..###.


You could see a gnoll bouda.

Vanquished Creatures
  An ogre (D:5)
  2 scorpions
  An orc priest (D:4)
  A hound (D:5)
  An iguana (D:5)
  An orc wizard (D:4)
  4 gnolls (D:5)
  3 adders
  2 white imps (D:5)
  An ufetubus (D:5)
  A worm (D:2)
  4 dart slugs
  4 orcs (D:4)
  7 ball pythons
  5 bats
  7 endoplasms
  3 giant cockroaches
  3 hobgoblins (D:1)
  3 quokkas
  3 frilled lizards
  4 goblins
  A goblin zombie (D:5)
  9 kobolds
  5 rats
76 creatures vanquished.

Notes
Turn   | Place    | Note
-------+----------+-------------------------------------------
     0 | D:1      | RogueRain17 the Demonspawn Gladiator began the quest for
                  | the Orb.
     0 | D:1      | Reached XP level 1. HP: 16/16 MP: 1/1
   552 | D:1      | Reached skill level 3 in Axes
   731 | D:1      | Gained mutation: Your touch may inflict minor irresistible
                  | damage on your foes. [demonic ancestry]
   731 | D:1      | Reached XP level 2. HP: 21/22 MP: 2/2
  1442 | D:2      | Found a faded altar of an unknown god.
  1935 | D:2      | Noticed Sigmund
  2395 | D:2      | Reached XP level 3. HP: 23/27 MP: 3/3
  2643 | D:2      | Found Senkaekh's General Store.
  2872 | D:3      | Found Quick's Jewellery Shop.
  3123 | D:3      | Got the Handbook of the Ageless People
  3553 | D:4      | Reached skill level 4 in Axes
  3553 | D:4      | Reached XP level 4. HP: 33/33 MP: 4/4
  3863 | D:4      | Noticed a scorpion
  3873 | D:4      | Killed a scorpion
  4390 | D:4      | Reached XP level 5. HP: 37/38 MP: 5/5
  4807 | D:4      | Found a sacrificial altar of Ru.
  4894 | D:5      | Entered Level 5 of the Dungeon
  4927 | D:5      | Noticed an ogre
  4999 | D:5      | Noticed an ogre
  5066 | D:5      | Reached skill level 5 in Axes
  5241 | D:5      | Found a runed translucent door.
  5241 | D:5      | Noticed a human
  5245 | D:5      | Found a basalt altar of Yredelemnul.
  5305 | D:5      | Found an ornate altar of the Wu Jian Council.
  5312 | D:5      | Gained mutation: Spells you cast may paralyse adjacent
                  | enemies. [demonic ancestry]
  5312 | D:5      | Reached XP level 6. HP: 31/44 MP: 6/6
  5489 | D:5      | Found a shadowy altar of Dithmenos.
  5698 | D:5      | Found a staircase to the Ecumenical Temple.
  5910 | Temple   | Entered the Ecumenical Temple
  5971 | D:5      | Reached skill level 6 in Axes
  5973 | D:5      | HP: 2/44 [gnoll bouda/+0 club (6)]
  5978 | D:5      | Slain by a gnoll bouda

Illustrated notes

Levels and vault maps discovered:
D:1:      sevenhm_arrival_forest_fort_large_2, layout_basic,
          minmay_misc_feat_secret_circle
D:2:      layout_loops_corners, serial_shops, nicolae_shop_crystal,
          basic_ecumenical_altar, uniq_sigmund
D:3:      layout_basic, serial_shops, shop
D:4:      layout_basic, mainiacjoe_overflow_24_doors
D:5:      layout_loops_corners, dk_yredelemnul_ordeal,
          grunt_temple_overflow_open, minmay_temple_entry_water_ring
Temple:   nicolae_temple_ecumenical_triangle

Skill      XL: |  1  2  3  4  5  6 |
---------------+-------------------+-----
Axes           | 3 4 5 6 |  6.0
Dodging        | 3 4 |  4.5
Fighting       | |  2.0
Throwing       | |  1.7

Action                   |  1- 3 |  4- 6 || total
-------------------------+-------+-------++-------
Melee: War axe           |   107 |    41 ||   148
       Touch             |    11 |    13 ||    24
       Punch             |       |     1 ||     1
       Hand axe          |       |    55 ||    55
Evoke: Wand              |       |     1 ||     1
  Use: Potion            |       |     2 ||     2
Armor: Leather armour    |    41 |    22 ||    63
Dodge: Dodged            |    71 |    72 ||   143
